[Event "Betsys MČR v online bleskovém šachu 2021"]
[Site "Chess.com"]
[Date "2021.04.17"]
[Round "11"]
[White "DenisaD2008"]
[Black "Simaril76"]
[Result "1-0"]
[WhiteElo "953"]
[BlackElo "711"]
[TimeControl "180+1"]
[EndTime "10:49:01 PDT"]
[Termination "Uživatel DenisaD2008 zvítězil po vzdání soupeře"]

1. e4 c6 2. Nc3 d5 3. d4 e6 4. Bd3 dxe4 5. Bxe4 Nd7 6. Be3 e5 7.
dxe5 Nxe5 8. Qxd8+ Kxd8 9. O-O-O+ Bd7 10. Bf5 Nf6 11. Bf4 Nc4 12. Bg5 Be7 13. Bxf6 Bxf6 14.
Rxd7+ Ke8 15. Rxb7 Kf8 16. Nf3 g6 17. Be4 Kg7 18. Bxc6 Nb6 19. Nd5 Rhd8 20. Nxb6 axb6 21. Rxb6 Rd6 22. Bxa8 Rxb6 23. h4 Bxb2+ 24. Kd1 Rd6+ 25. Nd2 Bd4 26. h5 Bxf2 27. hxg6 hxg6 28. Rf1 Bb6 29. Ke2 Re6+ 30. Be4 f5 31. Kd3 Rd6+ 32. Kc4 fxe4 33.
Nxe4 Re6 34. Nc5 Bd8 35. Nxe6+ 1-0

[Event "Betsys MČR v online bleskovém šachu 2021"]
[Site "Chess.com"]
[Date "2021.04.17"]
[Round "11"]
[White "kalcs"]
[Black "Saygram"]
[Result "0-1"]
[WhiteElo "2074"]
[BlackElo "2389"]
[TimeControl "180+1"]
[EndTime "10:49:05 PDT"]
[Termination "Uživatel Saygram zvítězil na čas"]

1. e4 e5 2. Nf3 Nc6 3. Bb5 a6 4.
Ba4 d6 5. c3 Ne7 6. O-O Bd7 7.
d4 g6 8. Bg5 Bg7 9. d5 Nb8 10.
Bc2 h6 11. Be3 f5 12. exf5 gxf5 13. Nh4 O-O 14. Qh5 Qe8 15. Qxe8 Bxe8 16. Rd1 f4 17. Bc1 Nd7 18. Nf3 Bh5 19. Nbd2 b5 20. Ne4 Nb6 21. b3 Nexd5 22. a4 bxa4 23. bxa4 Nf6 24. Bb3+ Kh8 25. Nxf6 Bxf6 26. a5 Nd7 27. Bd5 Rab8 28. Bd2 Nc5 29.
Rdb1 e4 30. Nd4 Be5 31. Rxb8 Rxb8 32. Nc6 Rb2 0-1

[Event "Betsys MČR v online bleskovém šachu 2021"]
[Site "Chess.com"]
[Date "2021.04.17"]
[Round "11"]
[White "MichalTrhal"]
[Black "Qb1xh8"]
[Result "1-0"]
[WhiteElo "1952"]
[BlackElo "2069"]
[TimeControl "180+1"]
[EndTime "10:49:08 PDT"]
[Termination "Uživatel MichalTrhal zvítězil po vzdání soupeře"]

1. d4 d5 2. Bg5 c5 3. dxc5 f6 4. Bh4 e5 5. e4 Be6 6. exd5 Qxd5 7. Qxd5 Bxd5 8. Nc3 Bc6 9. Nb5 Na6 10. Nd6+ Bxd6 11. cxd6 Nb4 12. O-O-O Nxa2+ 13. Kb1 Nb4 14. f3 Nh6 15. c3 Nd5 16. Bf2 Nf5 17. Bd3 Nfe3 18. Rd2 Nxg2 19. Be4 Ngf4 20. Bg3 O-O-O 21. Bxf4 Nxf4 22.
Bxc6 bxc6 23. c4 c5 24. b4 cxb4 25. c5 Kb7 26. Ne2 Ne6 27. Rc1 Kc6 28. Ng3 g6 29.
Ne4 f5 30. Nf6 a5 31. Nd5 Nxc5 32. Ne7+ Kb5 33. Rd5 Rc8 34. Nxc8 Rxc8 35. d7 Rd8 36. Rcxc5+ Ka4 37. Kb2 1-0

[Event "Betsys MČR v online bleskovém šachu 2021"]
[Site "Chess.com"]
[Date "2021.04.17"]
[Round "11"]
[White "masodj"]
[Black "Richter_Rudolf"]
[Result "1-0"]
[WhiteElo "1734"]
[BlackElo "1419"]
[TimeControl "180+1"]
[EndTime "10:49:08 PDT"]
[Termination "Uživatel masodj zvítězil na čas"]

1. e4 c5 2. d4 cxd4 3. c3 d5 4. exd5 Qxd5 5. Qxd4 Qxd4 6. cxd4 e6 7. Nc3 Nf6 8. Bf4 Bb4 9. Nf3 Nd5 10. Bd2 Nc6 11.
Bb5 Bd7 12. a3 Ba5 13. O-O Nxc3 14. bxc3 a6 15. Bd3 Ne7 16. Rab1 b5 17. Rfe1 Nd5 18.
Rbc1 Rc8 19. c4 bxc4 20. Rxc4 Bxd2 21. Rxc8+ Bxc8 22. Nxd2 O-O 23. Rc1 Rd8 24. Nf3 a5 25. Rc5 Bb7 26. Rxa5 Nc3 27. Ra7 Bxf3 28. gxf3 h6 29.
a4 Rxd4 30. a5 Rxd3 31. a6 Nb5 32. Rb7 1-0

[Event "Betsys MČR v online bleskovém šachu 2021"]
[Site "Chess.com"]
[Date "2021.04.17"]
[Round "11"]
[White "Anyna"]
[Black "Sfreedom01"]
[Result "0-1"]
[WhiteElo "879"]
[BlackElo "1337"]
[TimeControl "180+1"]
[EndTime "10:49:08 PDT"]
[Termination "Uživatel Sfreedom01 zvítězil na čas"]

1. d4 g6 2. c4 Bg7 3. Nc3 e6 4. Nf3 Ne7 5. e4 c6 6. e5 d6 7. Be2 dxe5 8. dxe5 Qxd1+ 9. Bxd1 O-O 10. O-O b6 11.
Bg5 Re8 12. Ne4 Nf5 13. Bc2 h6 14. Bf6 Bxf6 15. Nxf6+ Kf8 16. Nxe8 Kxe8 17. Rad1 Ke7 18. Rfe1 Ba6 19. b3 Nd7 20. Bxf5 gxf5 21. Nd4 Bb7 22. b4 Rg8 23. Nf3 c5 24. Nh4 cxb4 25. Rd2 a5 26. Red1 Bc6 27. Rd6 Ba4 28. Nf3 Rc8 29. Nd4 Rxc4 30.
Nf3 Bxd1 31. Rxd1 Rc5 32. Nh4 Nxe5 33. Nf3 Kf6 34. Nxe5 Kxe5 35. Re1+ Kf6 36. f4 Rc2 37. Ra1 b5 38. a3 b3 39. Rb1 b2 40. Kf1 Rc1+ 0-1

[Event "Betsys MČR v online bleskovém šachu 2021"]
[Site "Chess.com"]
[Date "2021.04.17"]
[Round "11"]
[White "tucnak64"]
[Black "Krejcak"]
[Result "1-0"]
[WhiteElo "2135"]
[BlackElo "2005"]
[TimeControl "180+1"]
[EndTime "10:49:09 PDT"]
[Termination "Uživatel tucnak64 zvítězil po vzdání soupeře"]

1. d4 Nf6 2. Nf3 g6 3. Bf4 Bg7 4. e3 d6 5. h3 O-O 6. Be2 b6 7. c4 Bb7 8. Nc3 Nbd7 9. O-O a6 10. d5 e6 11. e4 e5 12. Be3 Ne8 13. b4 f5 14. Ng5 Qe7 15. Ne6 Rf7 16. f3 f4 17.
Bf2 Nf8 18. c5 Nxe6 19. dxe6 Qxe6 20. cxb6 cxb6 21. Bxb6 Rc8 22. Rc1 Bf8 23. Qa4 Kh8 24. Nd5 Nf6 25. Rxc8 Qxc8 26. Nxf6 Rxf6 27. Qb3 Qc6 28.
Bd8 Bg7 29. Bxf6 Bxf6 30. Qf7 Bg7 31. Bc4 Qb6+ 32. Kh2 d5 33. Bxd5 Bxd5 34. Qxd5 Qxb4 35. Rc1 h5 36. Qf7 Qd2 37. Rc7 1-0

[Event "Betsys MČR v online bleskovém šachu 2021"]
[Site "Chess.com"]
[Date "2021.04.17"]
[Round "11"]
[White "adambelaska"]
[Black "ritchi12"]
[Result "0-1"]
[WhiteElo "1380"]
[BlackElo "1246"]
[TimeControl "180+1"]
[EndTime "10:49:13 PDT"]
[Termination "Uživatel ritchi12 zvítězil na čas"]

1. d4 d5 2. c4 dxc4 3. Nc3 Nf6 4. Nf3 e6 5. e4 Nc6 6. Bxc4 Bb4 7. Bg5 Bxc3+ 8. bxc3 O-O 9. e5 h6 10. exf6 Na5 11.
fxg7 f6 12. gxf8=Q+ Kxf8 13. Bxh6+ Kf7 14. Bb3 Nxb3 15. Qxb3 c6 16. O-O b5 17. Bf4 Ba6 18. Be3 b4 19. Rfc1 Rb8 20. cxb4 Bb5 21. a4 Be2 22.
Rxc6 Bxf3 23. Qxe6+ Kg6 24. gxf3 Rxb4 25. Qg4+ Kf7 26. d5 Rxg4+ 27. fxg4 Qxd5 28. Rc7+ Kg6 29. Rxa7 Qc4 30. a5 Qxg4+ 31. Kf1 Qh3+ 32. Ke2 Qg4+ 33. Kf1 Qc4+ 34. Kg2 Qe4+ 35. Kf1 Qd3+ 36. Kg1 Qf5 0-1

[Event "Betsys MČR v online bleskovém šachu 2021"]
[Site "Chess.com"]
[Date "2021.04.17"]
[Round "11"]
[White "berny643"]
[Black "Trener-Pokrocili"]
[Result "1-0"]
[WhiteElo "2583"]
[BlackElo "2272"]
[TimeControl "180+1"]
[EndTime "10:49:16 PDT"]
[Termination "Uživatel berny643 zvítězil po vzdání soupeře"]

1. d4 Nf6 2. c4 c5 3. d5 b5 4. cxb5 a6 5. e3 Bb7 6. Nc3 axb5 7. Bxb5 Qa5 8. Ne2 Nxd5 9. O-O Nxc3 10. Nxc3 e6 11.
Bd2 Be7 12. a4 O-O 13. Nd5 Qd8 14. Nxe7+ Qxe7 15. Rc1 d6 16. b4 Nd7 17. Bxd7 Qxd7 18. b5 Rfb8 19. Bc3 e5 20. Bxe5 Rd8 21. Bg3 h5 22. f3 Qe7 23. e4 h4 24. Bf2 h3 25.
gxh3 f5 26. exf5 Qg5+ 27. Bg3 Qxf5 28. Rc4 d5 29. Rf4 Qxh3 30. Rg4 d4 31. Re1 Rf8 32. Re7 Bxf3 33. Qb3+ 1-0

[Event "Betsys MČR v online bleskovém šachu 2021"]
[Site "Chess.com"]
[Date "2021.04.17"]
[Round "11"]
[White "dino5517"]
[Black "CzechMerlin"]
[Result "0-1"]
[WhiteElo "1392"]
[BlackElo "1662"]
[TimeControl "180+1"]
[EndTime "10:49:16 PDT"]
[Termination "Uživatel CzechMerlin zvítězil matem"]

1. e4 e5 2. Nf3 d6 3. d4 f5 4. Bg5 Be7 5. Bxe7 Qxe7 6. dxe5 fxe4 7. Nfd2 d5 8. Qe2 Qxe5 9. Nc3 Nf6 10. O-O-O O-O 11.
f3 e3 12. Nb3 Bf5 13. Qb5 b6 14. Bc4 c6 15. Qb4 c5 16. Qb5 Bd7 17. Qxd7 Nbxd7 18. Nxd5 Kh8 19. Rhe1 Qxh2 20. Rh1 Qxg2 21. Nxf6 Nxf6 22.
Be6 Qxf3 23. Rdf1 Qe4 24. Bf5 Qe5 25. Rh5 e2 26. Rfh1 e1=Q+ 27. Rxe1 Qxe1# 0-1

[Event "Betsys MČR v online bleskovém šachu 2021"]
[Site "Chess.com"]
[Date "2021.04.17"]
[Round "11"]
[White "Rognort"]
[Black "Tynano"]
[Result "0-1"]
[WhiteElo "1786"]
[BlackElo "1969"]
[TimeControl "180+1"]
[EndTime "10:49:18 PDT"]
[Termination "Uživatel Tynano zvítězil po vzdání soupeře"]

1. e4 e5 2. Nf3 Nc6 3. Bc4 Nf6 4. d3 Bc5 5. c3 d5 6. exd5 Nxd5 7. O-O O-O 8. Bg5 f6 9. Bd2 Kh8 10. b4 Bb6 11. a4 a5 12. b5 Nce7 13. Kh1 Ng6 14.
Na3 Ndf4 15. Be3 Bg4 16. h3 Bd7 17. Ra2 Qc8 18. Ng1 Bxe3 19. fxe3 Nxh3 20. Nxh3 Bxh3 21. Qf3 Bg4 22. Qg3 h5 23. Raf2 f5 24. d4 f4 25. exf4 exf4 26. Qd3 Rf6 27. Bd5 Qf8 28. Be4 Nh4 29. Nc4 Re8 30. Ne5 g5 31. Nxg4 hxg4 32. d5 g3 33. Re2 Qh6 34. Kg1 Nf5 0-1

[Event "Betsys MČR v online bleskovém šachu 2021"]
[Site "Chess.com"]
[Date "2021.04.17"]
[Round "11"]
[White "nw_tynka"]
[Black "KdybyNecoTakNic"]
[Result "0-1"]
[WhiteElo "2181"]
[BlackElo "2322"]
[TimeControl "180+1"]
[EndTime "10:49:20 PDT"]
[Termination "Uživatel KdybyNecoTakNic zvítězil na čas"]

1. e4 e6 2. d4 d5 3. Nc3 Bb4 4.
Bd3 dxe4 5. Bxe4 Nf6 6. Bf3 c5 7. Ne2 cxd4 8. Nxd4 Nbd7 9. O-O O-O 10. Ndb5 a6 11.
Nd6 Ne5 12. Nxc8 Nxf3+ 13. Qxf3 Qxc8 14. Bg5 Bxc3 15. bxc3 Nd5 16. Rab1 b5 17. Bd2 Qc4 18. Rb3 Rfd8 19. Qd3 Rac8 20. Rd1 Nf6 21. Qxc4 Rxc4 22. Rbb1 Kf8 23. f3 Ke7 24. Kf2 h6 25. Ke2 Nd5 26. g3 Rxc3 27. Rb2 Rc4 28. Be1 Rdc8 29.
Rd2 Ra4 30. Rd1 Rcc4 0-1

[Event "Betsys MČR v online bleskovém šachu 2021"]
[Site "Chess.com"]
[Date "2021.04.17"]
[Round "11"]
[White "Listro33"]
[Black "jankrelina07"]
[Result "1-0"]
[WhiteElo "1868"]
[BlackElo "1620"]
[TimeControl "180+1"]
[EndTime "10:49:20 PDT"]
[Termination "Uživatel Listro33 zvítězil po vzdání soupeře"]

1. d4 Nf6 2. Bf4 g6 3. e3 Bg7 4. Nf3 d6 5. Be2 Nbd7 6. h3 O-O 7. O-O Re8 8. Bh2 b6 9. c3 Bb7 10. Nbd2 e5 11. a4 exd4 12. cxd4 Nb8 13. b4 Nc6 14. b5 Nb4 15. Qb3 Nbd5 16. Bc4 Ne7 17.
Bxf7+ Kh8 18. Bxe8 Qxe8 19. Rac1 Qd7 20. Rc2 Bxf3 21. Nxf3 Rc8 22. Rfc1 h6 23. Qf7 g5 24. Bg3 Qd8 25. Nh2 Ne4 26. Ng4 Nxg3 27. fxg3 Ng8 28. Rxc7 Rxc7 29. Rxc7 Qf8 30. Qxf8 Bxf8 31. Rxa7 Ne7 32.
Rb7 Nd5 33. e4 Nc3 34. Rxb6 Nxa4 35. Ra6 Nc3 36. b6 Nxe4 37. b7 1-0

[Event "Betsys MČR v online bleskovém šachu 2021"]
[Site "Chess.com"]
[Date "2021.04.17"]
[Round "11"]
[White "YoungMegaMind"]
[Black "Maldaj"]
[Result "1-0"]
[WhiteElo "2245"]
[BlackElo "2382"]
[TimeControl "180+1"]
[EndTime "10:49:25 PDT"]
[Termination "Uživatel YoungMegaMind zvítězil matem"]

1. Nf3 d5 2. e3 c6 3. b3 Nf6 4. Bb2 Nbd7 5. c4 e6 6. Nc3 Bd6 7. Be2 Qe7 8. d4 O-O 9. O-O Re8 10.
Qc2 dxc4 11. Bxc4 b5 12. Be2 a6 13. e4 e5 14. Rad1 Bb7 15. dxe5 Nxe5 16. g3 b4 17. Na4 c5 18. Nxe5 Bxe5 19. f3 Bd4+ 20. Bxd4 cxd4 21. Bc4 Rac8 22. Qd3 Red8 23. Rfe1 Qe5 24.
Bxa6 Bxa6 25. Qxa6 Rc2 26. Re2 Rdc8 27. Rxc2 Rxc2 28.
Qd3 Rxa2 29. Qxd4 Qxd4+ 30. Rxd4 h5 31. Rxb4 h4 32. gxh4 Nh5 33. e5 Nf4 34. Rxf4 Ra3 35. Rb4 g6 36. Rb8+ Kg7 37. Kg2 Ra2+ 38. Kg3 Re2 39. Kf4 Rxh2 40. Kg3 Re2 41. Re8 Re3 42. Nc5 Rc3 43. b4 Rc4 44. Rb8 Kh7 45. Rb7 Kg7 46.
e6 Kh6 47. Rxf7 g5 48. hxg5+ Kxg5 49. e7 Kg6 50. e8=Q Rxb4 51. Qg8+ Kh6 52. Rh7# 1-0

[Event "Betsys MČR v online bleskovém šachu 2021"]
[Site "Chess.com"]
[Date "2021.04.17"]
[Round "11"]
[White "Dasty78"]
[Black "Kokos3"]
[Result "0-1"]
[WhiteElo "2005"]
[BlackElo "1627"]
[TimeControl "180+1"]
[EndTime "10:49:26 PDT"]
[Termination "Uživatel Kokos3 zvítězil po vzdání soupeře"]

1. e4 e5 2. Nf3 Nc6 3. Bb5 a6 4. Ba4 Nf6 5. O-O Be7 6. Re1 b5 7. Bb3 O-O 8. d4 exd4 9. e5 Ne8 10. Nxd4 Nxd4 11. Qxd4 d6 12. Bd5 Rb8 13. Nc3 dxe5 14.
Qxe5 Bf6 15. Qe4 Nd6 16. Qf3 Bf5 17. Re2 Re8 18. Be3 Qc8 19. h3 b4 20. Na4 Be5 21.
Rae1 Bf6 22. c3 a5 23. g4 Bd7 24. g5 c6 25. gxf6 cxd5 26. fxg7 Bxa4 27. Qxd5 Qe6 28.
Qd4 Bc6 29. Bf4 Qg6+ 30. Bg3 Rxe2 31. Rxe2 Qb1+ 0-1

[Event "Betsys MČR v online bleskovém šachu 2021"]
[Site "Chess.com"]
[Date "2021.04.17"]
[Round "11"]
[White "JindrichT_CZE"]
[Black "jhdghaka"]
[Result "0-1"]
[WhiteElo "2042"]
[BlackElo "1899"]
[TimeControl "180+1"]
[EndTime "10:49:27 PDT"]
[Termination "Uživatel jhdghaka zvítězil matem"]

1. e4 c5 2. c4 Nc6 3. g3 g6 4.
Bg2 Bg7 5. Nc3 d6 6. Nge2 Nf6 7. d3 O-O 8. h3 a6 9. Be3 Ne8 10. Qd2 Nc7 11. Bh6 Ne6 12. Bxg7 Kxg7 13. h4 Rb8 14. h5 Kg8 15. hxg6 fxg6 16. Qh6 Rf7 17. f4 Ned4 18.
O-O-O b5 19. cxb5 axb5 20. Nxd4 Nxd4 21. Nd5 Bg4 22. Rde1 Qa5 23. f5 Qxa2 24. Nc3 Qa1+ 25. Nb1 Qa4 26. Na3 gxf5 27. exf5 Nxf5 28. Qg5+ Rg7 29.
Bd5+ Kh8 30. Qd2 b4 31. Nc2 Rb6 32. Rh2 Ra6 33. Reh1 Qa1+ 34. Nxa1 Rxa1+ 35. Kc2 Nd4# 0-1

[Event "Betsys MČR v online bleskovém šachu 2021"]
[Site "Chess.com"]
[Date "2021.04.17"]
[Round "11"]
[White "tondapesek"]
[Black "Vojta0007"]
[Result "0-1"]
[WhiteElo "1120"]
[BlackElo "1457"]
[TimeControl "180+1"]
[EndTime "10:49:27 PDT"]
[Termination "Uživatel Vojta0007 zvítězil na čas"]

1. e4 c5 2. Nc3 Nc6 3. d3 d6 4. g3 e6 5. Bg2 Nf6 6. f4 Be7 7. Be3 O-O 8. Nge2 Ng4 9. Qd2 Nxe3 10. Qxe3 d5 11. exd5 exd5 12. Nxd5 Bd6 13. Nec3 Re8 14. Be4 Bf5 15. O-O-O Bxe4 16. dxe4 f6 17. h4 Nd4 18.
Ne2 Nxe2+ 19. Qxe2 Qa5 20. a3 Rad8 21. Qc4 b5 22.
Nxf6+ Kh8 23. Qf7 Re7 24. Qh5 gxf6 25. Qf5 Rf7 26. Qe6 Qc7 0-1

[Event "Betsys MČR v online bleskovém šachu 2021"]
[Site "Chess.com"]
[Date "2021.04.17"]
[Round "11"]
[White "xnepom"]
[Black "Jakuboss22005"]
[Result "1-0"]
[WhiteElo "2255"]
[BlackElo "2079"]
[TimeControl "180+1"]
[EndTime "10:49:28 PDT"]
[Termination "Uživatel xnepom zvítězil po vzdání soupeře"]

1. e4 c5 2. c3 Nf6 3. e5 Nd5 4.
d4 cxd4 5. Nf3 e6 6. cxd4 b6 7.
a3 Bb7 8. Bd3 Be7 9. O-O f6 10. Qe2 Nc6 11. Bd2 O-O 12. Nc3 Na5 13.
exf6 Bxf6 14. Ne5 Nb3 15. Qh5 g6 16. Nxg6 Qe8 17. Bh6 Bg7 18. Bxg7 Kxg7 19. Qe5+ Rf6 20. Nxd5 Bxd5 21. Nf4 Nxa1 22. Nh5+ Qxh5 23. Qxh5 Nb3 24.
Qxh7+ Kf8 25. Qh8+ Ke7 26. Qg7+ Rf7 27. Qg5+ Kd6 28.
Bc2 Nxd4 29. Bd1 Kc6 30. h4 Kb7 31. h5 Raf8 32. h6 Nf5 33. Bc2 Rh8 34. Bxf5 Rxf5 35.
Qg7 Rhf8 36. h7 R5f7 37. Qxf7 Rxf7 38. h8=Q 1-0

[Event "Betsys MČR v online bleskovém šachu 2021"]
[Site "Chess.com"]
[Date "2021.04.17"]
[Round "11"]
[White "jachymcarostrelec4"]
[Black "8_olda_8"]
[Result "1-0"]
[WhiteElo "1978"]
[BlackElo "1795"]
[TimeControl "180+1"]
[EndTime "10:49:28 PDT"]
[Termination "Uživatel jachymcarostrelec4 zvítězil na čas"]

1. d4 e6 2. c4 Nf6 3. Nc3 d5 4. Nf3 c6 5. Bf4 Bd6 6. Bxd6 Qxd6 7. e3 Nbd7 8. Be2 dxc4 9. Bxc4 b5 10. Be2 Bb7 11. O-O a6 12. e4 Qe7 13. e5 Nd5 14. Ne4 O-O 15. Nd6 N7b6 16. Rc1 Rad8 17. Qd2 Nc8 18.
Ne4 f5 19. Nc5 Ncb6 20. Ng5 Bc8 21. f4 h6 22. Nf3 Nd7 23. b4 Nxc5 24. Rxc5 Bd7 25.
Ne1 Be8 26. Bf3 Nb6 27. Bxc6 Bxc6 28. Rxc6 Nc4 29. Qc3 Rc8 30. Rc5 Rfd8 31. Nf3 Qd7 32. Rc1 Rxc5 33. bxc5 Qd5 34. Qc2 Rb8 35. Qe2 a5 36. a4 Na3 37. axb5 1-0

[Event "Betsys MČR v online bleskovém šachu 2021"]
[Site "Chess.com"]
[Date "2021.04.17"]
[Round "11"]
[White "Hapinka"]
[Black "marosino"]
[Result "1/2-1/2"]
[WhiteElo "1817"]
[BlackElo "1580"]
[TimeControl "180+1"]
[EndTime "10:49:30 PDT"]
[Termination "Remíza opakováním pozice"]

1. e4 d5 2. exd5 Nf6 3. d4 Bg4 4. Be2 Bxe2 5. Qxe2 Qxd5 6. Nf3 Nc6 7. Nc3 Qd7 8. Be3 e6 9. Rd1 O-O-O 10. O-O Nd5 11. Nxd5 exd5 12. Qb5 a6 13. Qa4 Ne5 14. Qxd7+ Nxd7 15. Ng5 Rg8 16. Nxf7 Re8 17. Ng5 h6 18.
Nf3 Bd6 19. Rfe1 Nf6 20. c3 g5 21. Bc1 g4 22. Ne5 h5 23. c4 dxc4 24. Nxc4 Nd5 25. Nxd6+ cxd6 26. Kf1 h4 27. Rxe8+ Rxe8 28. Bg5 h3 29. gxh3 gxh3 30. Rd3 Rg8 31. f4 Rh8 32. Kf2 Kd7 33. Rb3 Kc6 34. Kg3 b5 35. Kg4 a5 36.
Rxh3 Rg8 37. Rh6 b4 38. f5 Ne3+ 39. Kf4 Ng2+ 40. Kg4 Ne3+ 41. Kh5 Nxf5 42. Rf6 Nxd4 43. Bf4 Rh8+ 44. Kg4 Rg8+ 45. Kh3 Rh8+ 46. Kg2 Rg8+ 47. Kh3 Rh8+ 48. Kg2 Rg8+ 49. Kh3 1/2-1/2

[Event "Betsys MČR v online bleskovém šachu 2021"]
[Site "Chess.com"]
[Date "2021.04.17"]
[Round "11"]
[White "Jaja15F"]
[Black "Emicka1330"]
[Result "0-1"]
[WhiteElo "1131"]
[BlackElo "1543"]
[TimeControl "180+1"]
[EndTime "10:49:30 PDT"]
[Termination "Uživatel Emicka1330 zvítězil na čas"]

1. d4 Nf6 2. Nf3 g6 3. Nc3 Bg7 4. e3 c5 5. Bc4 cxd4 6. Nxd4 O-O 7. O-O d5 8. Bd3 e5 9. Nb3 Nc6 10. Bd2 e4 11. Bb5 Be6 12. h3 Ne5 13. Nd4 a6 14.
Nxe6 fxe6 15. Be2 b5 16. f4 Nc4 17. Bxc4 bxc4 18. a3 Rb8 19. Rb1 Nd7 20. b3 cxb3 21.
cxb3 Qc7 22. Qc2 Rfc8 23. Rfc1 Qd6 24. b4 Nb6 25. Rb3 Nc4 26. Kh1 Qb6 27. Na4 Qa7 28.
Nc5 Rc6 29. Bc3 Rbc8 30. Bd2 Qf7 31. Rf1 Qf5 32. Rf2 Qh5 0-1

[Event "Betsys MČR v online bleskovém šachu 2021"]
[Site "Chess.com"]
[Date "2021.04.17"]
[Round "11"]
[White "clarissamcclellan"]
[Black "Federer302"]
[Result "1-0"]
[WhiteElo "1839"]
[BlackElo "1576"]
[TimeControl "180+1"]
[EndTime "10:49:31 PDT"]
[Termination "Uživatel clarissamcclellan zvítězil na čas"]

1. d4 Nf6 2. c4 e6 3. g3 Bb4+ 4. Bd2 Bxd2+ 5. Nxd2 d5 6. Bg2 O-O 7. Ngf3 Nbd7 8. O-O c5 9. cxd5 Nxd5 10. e4 N5f6 11.
e5 Nd5 12. Nc4 cxd4 13. Nxd4 a6 14. Qe2 Qg5 15. Rac1 b5 16. f4 Qh6 17. Nd6 N7b6 18. Kh1 Bd7 19. f5 Qe3 20. fxe6 Bxe6 21. Rfd1 Qxe2 22.
Nxe2 Ra7 23. Rd3 Rc7 24. Rxc7 Nxc7 25. Nd4 Rd8 26. Nc6 Rd7 27. Be4 Bd5 28. Bxd5 Ncxd5 29.
Nb8 Rd8 30. Nxa6 h6 31. Nxb5 Re8 32. Nac7 Rxe5 33. Nxd5 Nxd5 34. a4 Ne3 35. b3 Nc2 36.
Rc3 Re1+ 37. Kg2 Ne3+ 38. Kf2 1-0

[Event "Betsys MČR v online bleskovém šachu 2021"]
[Site "Chess.com"]
[Date "2021.04.17"]
[Round "11"]
[White "MiroslavBucek"]
[Black "pburak"]
[Result "1-0"]
[WhiteElo "1597"]
[BlackElo "1293"]
[TimeControl "180+1"]
[EndTime "10:49:32 PDT"]
[Termination "Uživatel MiroslavBucek zvítězil na čas"]

1. e4 e5 2. Nf3 Nc6 3. Bb5 a6 4. Ba4 Nf6 5. O-O Be7 6. Re1 b5 7. Bb3 O-O 8. c3 d6 9. h3 Bd7 10. d4 exd4 11. cxd4 Na5 12. Bc2 c5 13. Nbd2 Bc6 14.
Nf1 Nc4 15. b3 Nb6 16. Ng3 Re8 17. Nf5 Nbd7 18. Bg5 h6 19. Bh4 cxd4 20. N3xd4 Bb7 21. b4 Ne5 22. Nxe7+ Qxe7 23. Nf5 Qc7 24. Bxf6 gxf6 25. Nxh6+ Kg7 26. Nf5+ Kg6 27. Qxd6 Qxc2 28. Nh4+ Kg7 29. Nf5+ Kg6 30. Rac1 Qd3 31. Qb6 Rab8 32. Rcd1 Qc3 33. Nd6 Red8 34. Nxb7 Rxd1 35. Rxd1 Qxb4 36. Qxa6 1-0

[Event "Betsys MČR v online bleskovém šachu 2021"]
[Site "Chess.com"]
[Date "2021.04.17"]
[Round "11"]
[White "Vesselovsky52"]
[Black "penguinorodriguez"]
[Result "0-1"]
[WhiteElo "2326"]
[BlackElo "2549"]
[TimeControl "180+1"]
[EndTime "10:49:33 PDT"]
[Termination "Uživatel penguinorodriguez zvítězil na čas"]

1. e4 e6 2. d4 d5 3. Nc3 Nf6 4. Bg5 dxe4 5. Nxe4 Be7 6. Bxf6 gxf6 7. Nf3 f5 8. Nc3 a6 9. g3 b5 10. Bg2 Bb7 11. O-O c5 12. d5 b4 13. dxe6 bxc3 14.
exf7+ Kf8 15. Qc1 Bf6 16. Re1 Be4 17. bxc3 Kxf7 18. Rxe4 fxe4 19. Nh4 Bxh4 20. Bxe4 Ra7 21. gxh4 Qxh4 22. Bd5+ Kg7 23. Qe3 Re7 24. Qxc5 Nd7 25. Qd6 Qf6 26. Qb4 Qg5+ 27. Kf1 Rf8 28. Qd4+ Qf6 29.
Rb1 Qxd4 30. cxd4 Nf6 0-1

[Event "Betsys MČR v online bleskovém šachu 2021"]
[Site "Chess.com"]
[Date "2021.04.17"]
[Round "11"]
[White "czlolcz"]
[Black "Clockwork7orange"]
[Result "0-1"]
[WhiteElo "2189"]
[BlackElo "2327"]
[TimeControl "180+1"]
[EndTime "10:49:34 PDT"]
[Termination "Uživatel Clockwork7orange zvítězil po vzdání soupeře"]

1. d4 g6 2. c4 Bg7 3. Nc3 d6 4. e4 e5 5. dxe5 dxe5 6. Be3 Qxd1+ 7. Rxd1 c6 8. f3 Na6 9. a3 Nc7 10. Bd3 Ne6 11. Nge2 Bh6 12. Bf2 a5 13. O-O Nf6 14. Bc2 Nd7 15. Na4 Bf8 16. Be3 Nec5 17. Nxc5 Bxc5 18.
Kf2 Bxe3+ 19. Kxe3 Nc5 20. Nc3 g5 21. Na4 Ne6 22.
g3 Ke7 23. Bb1 h5 24. Rf2 h4 25. Nc3 hxg3 26. hxg3 Rh3 27. Rg1 Bd7 28. Ne2 Rc8 29.
Rd1 b5 30. b3 bxc4 31. bxc4 Rb8 32. Bd3 Rb3 33. Rb1 Rxa3 34. Kd2 Ra2+ 35. Kc3 Ra3+ 36. Kd2 Nc5 37. Kc2 0-1

[Event "Betsys MČR v online bleskovém šachu 2021"]
[Site "Chess.com"]
[Date "2021.04.17"]
[Round "11"]
[White "Alesbar"]
[Black "PavelNo"]
[Result "0-1"]
[WhiteElo "1613"]
[BlackElo "1956"]
[TimeControl "180+1"]
[EndTime "10:49:35 PDT"]
[Termination "Uživatel PavelNo zvítězil na čas"]

1. Nf3 Nf6 2. g3 g6 3. Bg2 Bg7 4. O-O O-O 5. c4 d6 6. d4 c6 7.
Nc3 Qa5 8. e4 Qh5 9. Nd2 Qxd1 10.
Rxd1 Nbd7 11. Nf3 e5 12. d5 c5 13. h3 a6 14. Be3 Nh5 15. a3 f5 16. exf5 gxf5 17. Nh4 f4 18. gxf4 Nxf4 19. Kh2 Nb6 20.
b3 Kh8 21. Ne4 Rd8 22. Rac1 Bh6 23. Nf3 Rg8 24. Rg1 Rg6 25. Rc2 Bf5 26. Nfd2 Rag8 27. f3 Rxg2+ 28. Rxg2 Rxg2+ 29. Kh1 Rg6 30. Bxf4 Bxf4 31.
Nf1 Nc8 32. Rg2 Rxg2 33. Kxg2 Bxe4 34. fxe4 Kg7 35. Kf3 Kg6 36. Kg4 Ne7 37. h4 h5+ 38. Kf3 Kf6 0-1

[Event "Betsys MČR v online bleskovém šachu 2021"]
[Site "Chess.com"]
[Date "2021.04.17"]
[Round "11"]
[White "RousekJan"]
[Black "indebol"]
[Result "1-0"]
[WhiteElo "1813"]
[BlackElo "1554"]
[TimeControl "180+1"]
[EndTime "10:49:35 PDT"]
[Termination "Uživatel RousekJan zvítězil na čas"]

1. d4 c6 2. g3 d5 3. Nf3 Nf6 4.
Bg2 e6 5. O-O Be7 6. c4 O-O 7.
cxd5 exd5 8. Nc3 Re8 9. Bg5 Nbd7 10. Re1 h6 11. Bf4 Nf8 12. e4 dxe4 13. Nxe4 Bg4 14. h3 Bh5 15. g4 Bg6 16. Nxf6+ Bxf6 17. Ne5 Qb6 18. Nxg6 Nxg6 19. Be3 Rad8 20. d5 Qc7 21. Qb3 cxd5 22. Bxd5 b6 23. Rac1 Qd7 24. Bc6 Qd3 25.
Qxd3 Rxd3 26. Bxe8 Ne5 27. Kg2 Kh7 28. Bb5 Rd8 29.
Rcd1 Rc8 30. Bd4 Nxg4 31. hxg4 Bxd4 32. Rxd4 Rc2 33. Bd3+ 1-0

[Event "Betsys MČR v online bleskovém šachu 2021"]
[Site "Chess.com"]
[Date "2021.04.17"]
[Round "11"]
[White "misacz"]
[Black "kubajss"]
[Result "1/2-1/2"]
[WhiteElo "1075"]
[BlackElo "913"]
[TimeControl "180+1"]
[EndTime "10:49:35 PDT"]
[Termination "Remíza opakováním pozice"]

1. d4 d5 2. Nf3 Nc6 3. Bf4 Bf5 4. e3 Nf6 5. Bd3 Bg6 6. Bxg6 hxg6 7. Nbd2 e6 8. Qe2 Qd7 9. e4 dxe4 10. Nxe4 Nxe4 11. Qxe4 O-O-O 12. a4 Nxd4 13. Nxd4 Qxd4 14. Qf3 Qb4+ 15.
c3 Qxb2 16. O-O Bc5 17. Rab1 Qa2 18. Qxb7+ Kd7 19. Rbd1+ Ke7 20. Qxc7+ Kf6 21. Be5+ Kf5 22. Rxd8 Rxd8 23. Qxd8 Kxe5 24. Re1+ Kf5 25. Qd3+ Kf6 26.
Qf3+ Ke7 27. h3 Kf8 28. Qb7 Qxf2+ 29. Kh2 Qxe1 30. Qc8+ Ke7 31. Qxc5+ Kf6 32. Qd4+ Qe5+ 33. Qxe5+ Kxe5 34. Kg3 Kd5 35. Kf4 Kc4 36. Ke5 Kxc3 37. Kd6 Kb4 38. Ke7 e5 39. Kxf7 e4 40. Kxg7 e3 41.
Kxg6 e2 42. h4 e1=Q 43. h5 Qe6+ 44. Kg5 Kc4 45. h6 Kd4 46. h7 Qe7+ 47. Kg6 Qe8+ 48.
Kg7 Qe7+ 49. Kg8 Qe8+ 50. Kg7 Qe7+ 51. Kh8 Qe8+ 52. Kg7 1/2-1/2